 Dungeon Crawl Stone Soup version 0.21.1-1-g345015f (webtiles) character file.

65 Hasart the Scratcher (level 3, 0/16 HPs)
             Began as a Felid Transmuter on Apr 7, 2018.
             Succumbed to an adder's poison
             ... on level 2 of the Dungeon.
             The game lasted 00:03:41 (2265 turns).

Hasart the Scratcher (Felid Transmuter)             Turns: 2265, Time: 00:03:42

Health: 0/16       AC:  1    Str:  4 (6)  XL:     3   Next: 94%
Magic:  7/7        EV: 19    Int: 12 (14) God:
Gold:   135        SH:  0    Dex: 16 (17) Spells: 5/6 levels left
                                        Lives:  0   Deaths: 0

rFire    . . .     SeeInvis +     - Unarmed
rCold    . . .     Gourm    .   (shield unavailable)
rNeg     . . .     Faith    .   (armour unavailable)
rPois    .         Spirit   .   (helmet unavailable)
rElec    .         Reflect  .   (cloak unavailable)
rCorr    .         Harm     .   (gloves unavailable)
MR       .....                  (boots unavailable)
Stlth    ++........             f - amulet of rage
HPRegen  0.05/turn              (no ring)
MPRegen  0.10/turn              (no ring)

@: lethally poisoned (0 -> -6), hasted, very quick
A: very small, no armour, no weapons or thrown items, stealth, claws 1, fangs 3,
see invisible, carnivore, speed 1, shaggy fur 1, slow metabolism 1, sharp paws
a: Evoke Berserk Rage


You were on level 2 of the Dungeon.
You were completely stuffed.

You visited 1 branch of the dungeon, and saw 4 of its levels.

You collected 135 gold pieces.

Inventory:

Missiles
 a - 12 arrows
Jewellery
 f - an amulet of rage (around neck)
Scrolls
 e - 3 scrolls of identify {unknown}
 g - 3 scrolls of fog {unknown}
 i - 2 scrolls of teleportation {unknown}
 j - a scroll of enchant armour {unknown}
 k - 2 scrolls of blinking {unknown}
Potions
 d - a potion of haste
Books
 b - a book of Changes

   Spells                             Type                      Level
   a - Beastly Appendage              Transmutation                1
   b - Sticks to Snakes               Transmutation                2
   c - Spider Form                    Transmutation/Poison         3
   d - Ice Form                       Ice/Transmutation            4
   e - Blade Hands                    Transmutation                5
Comestibles
 c - 5 rations


   Skills:
 + Level 1.7 Fighting
 + Level 3.4 Dodging
 + Level 1.8 Stealth
 * Level 3.7 Unarmed Combat
 - Level 2.0 Spellcasting
 - Level 2.6 Transmutations


You had 5 spell levels left.
You knew the following spells:

 Your Spells              Type           Power        Failure   Level  Hunger
q - Beastly Appendage     Tmut           #.....       10%         1    ##.....


Dungeon Overview and Level Annotations

Branches:
Dungeon (4/15)
 Temple: D:4-7

Altars:
Fedhas
Hepliaklqana
The Shining One


Innate Abilities, Weirdness & Mutations

You cannot wear armour.
You are incapable of wielding weapons or throwing items.
Your paws allow you to move quietly. (Stealth)
You have sharp claws.
You have razor-sharp teeth.
You have supernaturally acute eyesight. (SInv)
You are carnivorous and can eat meat at any time.
You cover ground quickly.
You are covered in fur. (AC +1)
You have a slow metabolism.
Your sharp claws are effective at attacking unaware monsters.


Message History

The adder completely misses you.
Unknown command.
It was a potion of degeneration.
There was something very wrong with that liquid.
You feel weakened.
You feel dopey.
You feel clumsy.
* * * LOW HITPOINT WARNING * * *
You feel sick. The adder closely misses you.
Unknown command.
You closely miss the adder.
The adder is almost dead.
The adder misses you.
You barely miss the adder.
The adder is almost dead.
The adder bites you but does no damage.
You scratch the adder.
You kill the adder!
Unknown command.
Okay, then.
Okay, then.
You die...

.# #......#
##.⌠._#........# ##
##.....#
#....#........# #
#.....#
##..###.......## #
#.....# #####..).......
# #.....##
######.#.#######
#####..# #.....[..#
##.######.######.###
#.#.#.#...#.#.#...#
#.##.#@.#..#.##.#.#
#.#.#..###..#.#.#.# ##
#.##..##.##..##.#.# #.
#.#..##...##..#.#.####.
#.#.##..[..##.#.#.#.<#.
#.#..##...##..#.#.#.##.
#.##..##†##..##>#.[....
#.#.#..#.#..#.#.###.###
#.##)#.....#.##.# #....


There were no monsters in sight!

Vanquished Creatures
  An adder (D:2)
  3 dart slugs
  A worm (D:2)
  A leopard gecko (D:2)
  2 ball pythons (D:2)
  5 bats
  3 giant cockroaches
  7 goblins
  6 hobgoblins
  2 jackals (D:2)
  A kobold (D:2)
  2 quokkas (D:2)
  3 frilled lizards
  6 rats
43 creatures vanquished.

Notes
Turn   | Place    | Note
-------+----------+-------------------------------------------
     0 | D:1      | Hasart the Felid Transmuter began the quest for the Orb.
     0 | D:1      | Reached XP level 1. HP: 9/9 MP: 4/4
   402 | D:1      | Reached XP level 2. HP: 10/12 MP: 6/6
   651 | D:1      | Reached skill level 1 in Stealth
  1080 | D:2      | Found a hazy altar of Hepliaklqana.
  1080 | D:2      | Found a blossoming altar of Fedhas.
  1093 | D:2      | Reached XP level 3. HP: 6/15 MP: 5/7
  1608 | D:2      | Found a glowing golden altar of the Shining One.
  1857 | D:2      | You fall through a shaft!
  2265 | D:2      | Succumbed to an adder's poison

Skill      XL: |  1  2 |
---------------+-------+-----
Dodging        | 3 |  3.4
Stealth        | 1 |  1.8
Fighting       | |  1.7
Unarmed Combat | |  3.7
Spellcasting   | |  2.0
Transmutations | |  2.6

Action                   || total
-------------------------++-------
Melee: Unarmed           ||   148
       Bite              ||     9
       Punch             ||     2
       Headbutt          ||     3
 Cast: Beastly Appendage ||     5
  Use: Potion            ||     2
 Stab: Sleeping          ||    11
  Eat: Chunk             ||    10
Armor: Skin              ||    12
Dodge: Dodged            ||   140
